 Dungeon Crawl Stone Soup version 0.26-a0-540-g8a0c9464d7 (webtiles) character file.

Game seed: 8966424216399429219

23 vurker the Gusty (level 3, 0/20 HPs)
             Began as a Tengu Air Elementalist on Aug 22, 2020.
             Slain by a jackal (1 damage)
             ... on level 1 of the Dungeon.
             The game lasted 00:01:11 (1080 turns).

vurker the Gusty (Tengu Air Elementalist)           Turns: 1080, Time: 00:01:12

Health: 0/20       AC:  2    Str:  8    XL:     3   Next: 0%
Magic:  1/7        EV: 12    Int: 16    God:
Gold:   45         SH:  3    Dex: 14    Spells: 5/6 levels left

rFire    . . .     SeeInvis .   d - +0 dagger
rCold    . . .     Faith    .   e - +0 buckler (curse)
rNeg     . . .     Spirit   .   a - +0 robe
rPois    .         Reflect  .   (helmet restricted)
rElec    .         Harm     .   (no cloak)
rCorr    .                      (no gloves)
MR       .....                  (boots unavailable)
Stlth    ++........             (no amulet)
HPRegen  0.06/turn              (no ring)
MPRegen  0.10/turn              (no ring)

@: very slightly contaminated
A: beak, talons 3
a: no special abilities


You were on level 1 of the Dungeon.
You visited 1 branch of the dungeon, and saw 2 of its levels.

You collected 45 gold pieces.

Inventory:

Hand Weapons
 d - a +0 dagger (weapon)
   (You took it off a goblin on level 1 of the Dungeon)
Armour
 a - a +0 robe (worn)
 e - a cursed +0 buckler (worn)
   (You found it on level 1 of the Dungeon)
Scrolls
 b - 2 scrolls of identify {unknown}
 f - a scroll of remove curse {unknown}
 g - a scroll of enchant armour {unknown}
Potions
 c - 2 potions of flight {unknown}


   Skills:
 + Level 0.6 Fighting
 - Level 2.1 Dodging
 - Level 2.0 Stealth
 * Level 0.4 Shields
 * Level 2.3 Spellcasting
 + Level 1.9 Conjurations
 * Level 4.5 Air Magic


You had 5 spell levels left.
You knew the following spells:

 Your Spells              Type           Power        Failure   Level
a - Shock                 Conj/Air       ##..         9%          1

Your spell library contained the following spells:

 Spells                   Type           Power        Failure   Level
 Swiftness                Air            ###.....     8%          2
 Static Discharge         Conj/Air       ##......     26%         3
 Airstrike                Air            ###.......   43%         4
 Lightning Bolt           Conj/Air       ##........   93%         5


Dungeon Overview and Level Annotations

Branches:
Dungeon (2/15)

Altars:


Innate Abilities, Weirdness & Mutations

You have a beak for a mouth.
You have claws for feet.


Message History

Aim: a hobgoblin (almost dead)
The zap hits the hobgoblin.
You kill the hobgoblin!
There is a shaft here.
There is a stone staircase leading down here.
You start resting.
You start resting.
You climb downwards.
An adder comes into view.
The goblin shoots a stone.
The stone hits you but does no damage.
The goblin shoots a stone.
The stone hits you.
The adder moves out of view.
There is a stone staircase leading up here.
You see here 2 stones.
Aim: a jackal The zap hits the jackal. x2
A kobold comes into view.
Aim: a jackal You miscast Shock.
You are very lightly contaminated with residual magic.
Nothing appears to happen.
The jackal barely misses you.
The goblin shoots a stone.
The stone hits you.
* * * LOW HITPOINT WARNING * * *
The jackal bites you.
* * * LOW HITPOINT WARNING * * *
The goblin shoots a stone.
The stone hits you but does no damage.
The jackal bites you but does no damage.
You climb upwards.
There is a stone staircase leading down here.
You miscast Shock.
Nothing appears to happen.
The jackal closely misses you. The jackal misses you.
The jackal barely misses you. The jackal bites you.
* * * LOW HITPOINT WARNING * * *
The zap hits the jackal.
You kill the jackal!
You have reached level 3!
Your experience leads to an increase in your attributes!
Increase (S)trength, (I)ntelligence, or (D)exterity?
You feel clever. The jackal barely misses you.
Aim: a jackal The zap misses the jackal.
The jackal bites you.
* * * LOW HITPOINT WARNING * * *
Aim: a jackal The zap hits the jackal.
The jackal barely misses you. The jackal completely misses you.
Unknown command.
The jackal bites you.
* * * LOW HITPOINT WARNING * * *
You see here a jackal corpse.
The jackal bites you.
You die...

####.##..........#.# ##......#
.....##....####.##.#######.#.##.#
########.### #..#.........#..#.#
#.# ##.#.##########.#.# #.#
#..^#....).....#.# #.#
##..#.##########.# #.#
#........[......#
#.########[.#######.######
#.......[@h># #.# #############
#.# ### ### #.# ##.####.## #.#
##...##.#'# #.# #.....'##.###.##
##...###.(.##..# ##'###.....##.#
#.+....<.....#


You could see a jackal.

Vanquished Creatures
  An ooze (D:1)
  2 giant cockroaches (D:1)
  2 hobgoblins (D:1)
  A jackal (D:1)
  A ball python (D:1)
  2 bats (D:1)
  2 frilled lizards (D:1)
  4 goblins (D:1)
  2 kobolds (D:1)
  2 rats (D:1)
19 creatures vanquished.

Notes
Turn   | Place    | Note
-------+----------+-------------------------------------------
     0 | D:1      | vurker the Tengu Air Elementalist began the quest for the
                  | Orb.
     0 | D:1      | Reached XP level 1. HP: 10/10 MP: 4/4
   194 | D:1      | Reached XP level 2. HP: 16/16 MP: 3/6
  1076 | D:1      | Reached XP level 3. HP: 5/20 MP: 2/7
  1079 | D:1      | HP: 1/20 [jackal (3)]
  1080 | D:1      | Slain by a jackal

Illustrated notes

Levels and vault maps discovered:
D:1:      dpeg_arrival_rhombi, layout_basic
D:2:      layout_rooms, lemuel_round_altar

Action                   || total
-------------------------++-------
Melee: Dagger            ||     1
 Cast: Shock             ||    42
Armor: Robe              ||     2
Dodge: Dodged            ||    19
Block: Buckler           ||     3

Table legend: (Time is in decaauts)
 A = Elapsed time spent in this place.
 B = Non-inter-level travel time spent in this place.
 C = Inter-level travel time spent in this place.
 D = Time resting spent in this place.
 E = Time spent auto-exploring this place.
 F = Levels seen in this place.
 G = Mean time per level.
                   A        B        C        D        E       F      G
               +--------+--------+--------+--------+--------+-----+--------+
         Total |   1080 |   1050 |     30 |    202 |    748 |   2 |  540.0 |
       Dungeon |   1080 |   1050 |     30 |    202 |    748 |   2 |  540.0 |
               +--------+--------+--------+--------+--------+-----+--------+

Top non-repeatable levels by time:
     D:1: 1072 daAuts
     D:2: 8 daAuts
